 Dungeon Crawl Stone Soup version 0.30.1-9-gdf580d7c3d (webtiles) character file.

Game seed: 18090830834192376421

289 KittyFluff the Cudgeller (level 6, -6/38 HPs)
             Began as a Gargoyle Berserker on Oct 15, 2023.
             Was a Priest of Trog.
             Mangled by an ogre
             ... wielding a +0 giant club
              (13 damage)
             ... on level 4 of the Dungeon.
             The game lasted 00:11:41 (2816 turns).

KittyFluff the Cudgeller (Gargoyle Berserker)       Turns: 2816, Time: 00:11:42

Health: -6/38      AC: 23    Str: 23    XL:     6   Next: 31%
Magic:  6/6        EV: 10    Int:  7    God:    Trog [***...]
Gold:   149        SH:  6    Dex:  9    Spells: 5/5 levels left

rFire   . . .        u - +3 flail (protect)
rCold   . . .        h - +0 kite shield
rNeg    + + .        D - +1 leather armour {rN+}
rPois   ∞            g - +0 helmet
rElec   +            v - +0 cloak
rCorr   .            p - +0 pair of gloves
SInv    .            (no boots)
Will    +....        (no amulet)
Stlth   +            d - ring of willpower
HPRegen 0.26/turn    x - +4 ring of protection
MPRegen 0.10/turn

%: no passive effects
@: under a protective aura
A: sickness immunity, AC +4, negative energy resistance 1, electricity
resistance, torment resistance 1, petrification resistance
a: Renounce Religion, Berserk, Trog's Hand


You were on level 4 of the Dungeon.
You worshipped Trog.
Trog was most pleased with you.
You visited 1 branch of the dungeon, and saw 4 of its levels.

You collected 149 gold pieces.

Inventory:

Hand Weapons
 a - a +2 quarterstaff of chaos
 j - a +0 sling
 u - a +3 flail of protection (weapon)
Missiles
 A - 3 throwing nets (quivered)
Armour
 g - a +0 helmet (worn)
 h - a +0 kite shield (worn)
 l - a +1 robe of willpower
 p - a +0 pair of gloves (worn)
 v - a +0 cloak (worn)
 D - a +1 leather armour of positive energy (worn)
Jewellery
 d - a ring of willpower (left hand)
 x - a +4 ring of protection (right hand)
Wands
 w - a wand of flame (16)
 B - a wand of mindburst (7)
Scrolls
 b - 3 scrolls of enchant weapon
 e - a scroll of amnesia {unknown}
 i - 2 scrolls of poison {unknown}
 k - a scroll of identify {unknown}
 o - a scroll of teleportation {unknown}
 y - a scroll of fog {unknown}
 z - a scroll of enchant armour {unknown}
 C - a scroll of brand weapon {unknown}
 E - a scroll of blinking {unknown}
 F - a scroll of magic mapping {unknown}
Potions
 c - 2 potions of might {unknown}
 f - a potion of degeneration {unknown}
 m - a potion of invisibility {unknown}
 n - a potion of brilliance {unknown}
 q - a potion of curing {unknown}
 r - a potion of lignification {unknown}
 s - 2 potions of ambrosia {unknown}
 t - a potion of heal wounds {unknown}


   Skills:
 + Level 4.3 Fighting
 * Level 4.6 Maces & Flails
 * Level 4.3 Armour
 + Level 2.6 Dodging


You had 5 spell levels left.
You didn't know any spells.
Your spell library was empty.

Dungeon Overview and Level Annotations

Branches:
Dungeon (4/15)
 Temple: D:4-7

Altars:
Gozag


Innate Abilities, Weirdness & Mutations

You are immune to sickness and miasma.
Your stone body is resilient. (AC +4)
You are immune to poison.
You resist negative energy. (rN+)
You are resistant to electric shocks. (rElec)
You are resistant to unholy torment.
You are immune to petrification.


Message History

You block the hobgoblin's attack.
You thump the hobgoblin!
You kill the hobgoblin!
Trog accepts your kill.
An ogre comes into view. It is wielding a +0 giant club.
The ogre shouts!
You see here a hobgoblin corpse.
You hit the ogre.
Your weapon exudes an aura of protection.
The ogre is lightly wounded.
The ogre barely misses you.
You hit the ogre.
The ogre is moderately wounded.
The ogre barely misses you.
You hit the ogre.
The ogre is moderately wounded.
You hit the ogre.
The ogre is moderately wounded.
The ogre hits you with a +0 giant club!
You sock the ogre!
The ogre is severely wounded.
The ogre misses you.
You hit the ogre.
The ogre is almost dead.
The ogre barely misses you.
You barely miss the ogre.
The ogre is almost dead.
The ogre hits you but does no damage.
You barely miss the ogre.
The ogre is almost dead.
The ogre hits you with a +0 giant club!!
Ouch! That really hurt!
* * * LOW HITPOINT WARNING * * *
You hit the ogre.
The ogre is almost dead.
You block the ogre's attack.
You completely miss the ogre.
The ogre is almost dead.
The ogre hits you with a +0 giant club!
You die...

............#.###.........#
..........###.#####)#######
#.....†..#.....#.#.#
#.....O..#.#.###.#.#
##.......#.._..#.#.#
#.......###.#.#.#.#
#.......#.....#.#)#
#.......###.###.#)#
#.......O@........#
#................##
#................#
##############..##
###..####### #..........#
#..........# #..........#
#..........#


You could see an ogre.

Vanquished Creatures
  Crazy Yiuf (D:3)
  14 gnolls
  3 adders
  An ufetubus (D:4)
  4 worms
  3 dart slugs (D:2)
  4 orcs (D:3)
  5 endoplasms
  A giant cockroach (D:1)
  3 goblins (D:1)
  9 hobgoblins
  2 jackals (D:2)
  4 kobolds
  2 quokkas
  9 ball pythons
  6 bats
  7 frilled lizards
  3 rats
81 creatures vanquished.

Notes
Turn   | Place    | Note
-------+----------+-------------------------------------------
     0 | D:1      | KittyFluff the Gargoyle Berserker began the quest for the
                  | Orb.
     0 | D:1      | Reached XP level 1. HP: 14/14 MP: 1/1
    97 | D:1      | Reached XP level 2. HP: 17/19 MP: 2/2
   514 | D:1      | Reached XP level 3. HP: 23/23 MP: 3/3
   980 | D:2      | Reached ** piety under Trog
  1313 | D:2      | Reached XP level 4. HP: 29/29 MP: 4/4
  1591 | D:3      | Reached XP level 5. HP: 12/33 MP: 5/5
  1713 | D:3      | Found a runed translucent door.
  1714 | D:3      | Noticed Crazy Yiuf
  1719 | D:3      | Killed Crazy Yiuf
  1885 | D:3      | Found a faded altar of an unknown god.
  2465 | D:3      | Reached *** piety under Trog
  2466 | D:3      | Reached XP level 6. HP: 27/38 MP: 6/6
  2761 | D:4      | Found an opulent altar of Gozag.
  2816 | D:4      | Mangled by an ogre

Illustrated notes

Levels and vault maps discovered:
D:1:      giann_bridges, layout_rooms, minmay_tetromino_s2
D:2:      layout_loops_corners
D:3:      layout_basic, hellmonk_ecumenical_altar_arch_garden,
          dk_noncrumbling_4, wad_orctagon, uniq_crazy_yiuf_cottage
D:4:      layout_basic, nicolae_gozag_cash_rules_everything_around_me,
          serial_shops, kennysheep_little_box, serial_bayou,
          serial_bayou_pond_d, serial_bayou_shore_a, serial_bayou_pond_d,
          serial_bayou_pond_e, ebering_ghost_disaster_area, uniq_duvessa

Skill      XL: |  1  2  3  4  5 |
---------------+----------------+-----
Armour         | 3 4 |  4.3
Dodging        | 2 |  2.6
Maces & Flails | 4 |  4.6
Fighting       | 4 |  4.3

Action                     |  1- 3 |  4- 6 || total
---------------------------+-------+-------++-------
  Melee: Mace              |   119 |    52 ||   171
         Flail             |       |    98 ||    98
 Invoke: Berserk           |     1 |     1 ||     2
    Use: Scroll            |       |     1 ||     1
 Armour: Animal skin       |    32 |       ||    32
         Robe              |    24 |    56 ||    80
         Leather armour    |       |    12 ||    12
  Dodge: Dodged            |    70 |    71 ||   141
  Block: Kite shield       |    32 |    61 ||    93
